 Dungeon Crawl Stone Soup version 0.18.1-48-g4cf74bf (webtiles) character file.

71 GordonOverkill the Skirmisher (level 4, 0/44 HPs)
             Began as a Hill Orc Wanderer on July 8, 2016.
             Was an Initiate of Okawaru.
             Slain by Crazy Yiuf
             ... wielding a +3 quarterstaff of chaos
              (3 damage)
             ... on level 2 of the Dungeon.
             The game lasted 00:08:11 (1637 turns).

GordonOverkill the Skirmisher (Hill Orc Wanderer)   Turns: 1637, Time: 00:08:11

Health: 0/44       AC:  4    Str: 12    XL:     4   Next: 24%
Magic:  5/5        EV: 11    Int: 13    God:    Okawaru [......]
Gold:   80         SH:  2    Dex: 12    Spells: 0 memorised, 5 levels left

rFire  . . .     SeeInvis .     r - +0 hand axe
rCold  . . .     Gourm    .     c - +0 robe
rNeg   . . .     Faith    .     (no shield)
rPois  .         Spirit   .     (helmet restricted)
rElec  .         Dismiss  .     (no cloak)
rCorr  .         Reflect  .     (no gloves)
SustAt .         Harm     .     (no boots)
MR     .....                    (no amulet)
Stlth  +.........               (no ring)
                                (no ring)

@: drained, not resistant to hostile enchantments, very unstealthy
A: antennae 1, large bone plates 1, MP-powered wands
a: Renounce Religion


You were on level 2 of the Dungeon.
You worshipped Okawaru.
Okawaru was noncommittal.
You were hungry.

You visited 1 branch of the dungeon, and saw 2 of its levels.

You collected 80 gold pieces.

Inventory:

Hand Weapons
 a - a +2 falchion
 r - a +0 hand axe (weapon)
Missiles
 p - a throwing net (quivered)
Armour
 c - a +0 robe (worn)
 n - a +0 helmet
Jewellery
 e - a cursed amulet of inaccuracy {unknown}
Scrolls
 f - a scroll of noise {unknown}
 j - a scroll of enchant weapon {unknown}
 o - 2 scrolls of identify {unknown}
 q - a scroll of magic mapping {unknown}
Potions
 g - a potion of mutation
 l - a potion of might {unknown}
Books
 b - Sif Muna's Guide on Conjuration

   Spells                             Type                      Level
   a - Magic Dart                     Conjuration                  1
   b - Static Discharge               Conjuration/Air              3
Comestibles
 d - a bread ration
 k - a slice of pizza
 m - a meat ration


   Skills:
 + Level 5.7(5.0) Fighting
 - Level 1.1(0.5) Long Blades
 + Level 1.3(0.7) Axes
 - Level 1.0(0.4) Dodging
 - Level 1.0(0.4) Stealth
 - Level 1.0(0.4) Spellcasting
   Level 1.0(0.4) Conjurations
   Level 1.0(0.4) Air Magic
   Level 1.0(0.4) Evocations


You had 5 spell levels left.
You didn't know any spells.

Dungeon Overview and Level Annotations

Branches:
Dungeon (2/15)

Altars:
Ashenzari
Okawaru

Annotations:
D:2 Crazy Yiuf


Innate Abilities, Weirdness & Mutations

You have a pair of small antennae on your head.
You are partially covered in large bone plates (AC +2, SH +2).
You expend magic power (3 MP) to strengthen your wands.


Message History

Crazy Yiuf barely misses you.
Crazy Yiuf hits you with a quarterstaff of chaos.
You feel drained.
You hit Crazy Yiuf.
Crazy Yiuf is moderately wounded.
You are feeling hungry.
Crazy Yiuf hits you with a quarterstaff of chaos.
Crazy Yiuf freezes you.
You closely miss Crazy Yiuf.
Crazy Yiuf is moderately wounded.
Crazy Yiuf barely misses you.
You hit Crazy Yiuf.
Crazy Yiuf is severely wounded.
Crazy Yiuf barely misses you.
You hit Crazy Yiuf.
Crazy Yiuf is severely wounded.
Crazy Yiuf hits you with a quarterstaff of chaos!
* * * LOW HITPOINT WARNING * * *
You feel drained.
You die...

######.##.###).
........)<......
######...##.###. #....#..##.
#..#.....#. #....##....
#########.##..#....
###g#..#.##...([.....
#..#@.....#..........
#.g...####................
#)..## ##.#............. ###
######..........
##........... #............
###########...........
########...................#.
#.....#####.###........##..#.


You could see Crazy Yiuf.

Vanquished Creatures
  2 adders (D:2)
  A worm (D:2)
  3 dart slugs
  2 giant geckos
  3 giant cockroaches
  5 goblins
  5 hobgoblins
  6 kobolds
  8 bats
  A giant newt (D:2)
  7 rats (D:1)
43 creatures vanquished.

Notes
Turn   | Place    | Note
--------------------------------------------------------------
     0 | D:1      | GordonOverkill the Hill Orc Wanderer began the quest for the Orb.
     0 | D:1      | GordonOverkill set off with: a +2 falchion, Sif Muna's Guide on Conjuration, a +0 robe, a bread ration
     0 | D:1      | Reached XP level 1. HP: 19/19 MP: 2/2
   158 | D:1      | Reached skill level 4 in Fighting
   179 | D:1      | Reached XP level 2. HP: 27/27 MP: 3/3
   655 | D:1      | Reached skill level 5 in Fighting
   655 | D:1      | Reached XP level 3. HP: 36/36 MP: 4/4
   963 | D:2      | Found an iron altar of Okawaru.
   971 | D:2      | Became a worshipper of Warmaster Okawaru
  1068 | D:2      | Gained mutation: You are partially covered in large bone plates (AC +2, SH +2). [potion of mutation]
  1068 | D:2      | Gained mutation: You expend magic power (3 MP) to strengthen your wands. [potion of mutation]
  1068 | D:2      | Gained mutation: You have a pair of small antennae on your head. [potion of mutation]
  1070 | D:2      | Reached skill level 1 in Axes
  1224 | D:2      | Reached XP level 4. HP: 28/42 MP: 5/5
  1558 | D:2      | Found a shattered altar of Ashenzari.
  1622 | D:2      | Noticed Crazy Yiuf
  1637 | D:2      | Slain by Crazy Yiuf

Skill      XL: |  1  2  3 |
---------------+----------+-----
Fighting       | 4 5 |  5.7
Axes           | 1 |  1.3
Long Blades    | |  1.1
Dodging        | |  1.0
Stealth        | |  1.0
Spellcasting   | |  1.0
Conjurations   | |  1.0
Air Magic      | |  1.0
Evocations     | |  1.0

Action                   |  1- 3 |  4- 6 || total
-------------------------+-------+-------++-------
Melee: Falchion          |    82 |       ||    82
       Hand axe          |    34 |    20 ||    54
  Use: Potion            |     2 |       ||     2
 Stab: Sleeping          |     1 |       ||     1
  Eat: Chunk             |     1 |     1 ||     2
Armor: Robe              |    49 |     4 ||    53
Dodge: Dodged            |   106 |    11 ||   117
Block: Other             |     1 |     1 ||     2
